Map: Golden Wall LE

Players

uwuThermal (uThermal) - Winner!

  • Race: Terran Terran
  • League: Grandmaster
  • Spawn Location: 5:00

GOStephano (Stephano)

  • Race: Zerg Zerg
  • League: Grandmaster
  • Spawn Location: 7:00

Event: DreamHack SC2 Masters 2020 Fall

VOD

Have the link to the VOD?

Description

Time

  • Played on: Sept. 9, 2020, 4:12 p.m.
  • Length: 17:41

All games in this series

Show
View Real Time Build Order
Export as new Build Order

uwuThermal Terran - Winner!

Build Orders: Liberator Opening, Reaper Expand 

Get SALT Encoding   

  12  0:00  SCV  
  13  0:12  SCV  
  14  0:17  Supply Depot  
  14  0:24  SCV  
  15  0:38  SCV  
  15  0:39  Barracks  
  16  0:43  Refinery  
  16  0:50  SCV  
  17  1:03  SCV  
  18  1:15  SCV  
  19  1:27  Reaper, Orbital Command  
  20  1:40  Command Center  
  20  1:50  Supply Depot  
  20  1:53  SCV  
  21  1:59  Marine  
  22  2:05  SCV  
  23  2:09  Factory  
  23  2:17  SCV  
  23  2:19  Barracks Reactor  
  24  2:29  SCV  
  25  2:41  SCV  
  25  2:43  Command Center  
  26  2:52  SCV  
  27  3:00  Starport  
  27  3:02  Hellion  
  31  3:07  Orbital Command  
  31  3:10  SCV  
  30  3:15  Hellion  
  30  3:19  Refinery  
  32  3:22  SCV  
  32  3:26  Hellion  
  35  3:32  SCV  
  36  3:34  SCV  
  36  3:37  Viking  
  39  3:44  Hellion  
  39  3:46  SCV  
  39  3:48  SCV, Hellion  
  45  3:56  Orbital Command  
  45  3:58  SCV  
  46  4:07  Liberator  
  46  4:08  Hellion  
  51  4:11  Hellion  
  51  4:13  SCV  
  51  4:15  SCV, Supply Depot  
  55  4:23  SCV  
  56  4:26  SCV  
  56  4:27  Supply Depot  
  56  4:29  Hellion  
  58  4:32  SCV  
  58  4:33  Hellion  
  58  4:37  SCV  
  62  4:39  SCV, Barracks Tech Lab  
  62  4:44  SCV  
  64  4:49  SCV  
  64  4:51  SCV, Starport Reactor  
  66  4:56  SCV  
  66  4:57  Stimpack, Marine  
  68  5:01  SCV, Barracks  
  68  5:02  Barracks  
  68  5:04  Engineering Bay, Factory Tech Lab  
  68  5:06  SCV, Engineering Bay  
  70  5:13  Refinery  
  70  5:15  Marine  
  70  5:16  SCV  
  70  5:17  Supply Depot  
  70  5:18  SCV  
  71  5:23  Siege Tank  
  71  5:27  SCV  
  75  5:32  SCV  
  75  5:33  Marine, Barracks  
  75  5:34  Barracks  
  77  5:37  Missile Turret  
  77  5:38  Starport Reactor  
  77  5:42  Missile Turret  
  77  5:47  Terran Infantry Weapons Level 1, Terran Infantry Armor Level 1  
  77  5:49  Marine  
  75  5:50  Marine  
  75  5:51  Marine  
  75  5:53  Missile Turret  
  75  5:55  Marine  
  75  5:56  Marine  
  79  6:01  Supply Depot  
  79  6:06  Medivac, Marine  
  79  6:08  Marine  
  79  6:09  Marine  
  82  6:13  SCV, Marine x2  
  81  6:19  Orbital Command  
  81  6:24  Marine  
  78  6:25  Marine  
  78  6:27  Marine  
  78  6:30  Marine x2  
  78  6:31  Marine x2  
  56  6:32  Orbital Command  
  78  6:33  SCV  
  78  6:34  SCV  
  78  6:37  Refinery  
  78  6:42  Marine  
  78  6:43  Marine  
  78  6:45  Marine  
  74  6:47  Marine  
  74  6:48  Marine  
  73  7:00  SCV  
  74  7:01  Marine x2  
  74  7:02  Marine x2  
  79  7:09  Combat Shield  
  78  7:18  SCV  
  78  7:19  Starport Reactor, Supply Depot  
  78  7:20  SCV  
  78  7:22  Marine  
  80  7:25  Marine  
  80  7:26  Orbital Command  
  81  7:30  SCV  
  81  7:32  SCV  
  81  7:34  Refinery x2  
  81  7:36  Marine  
  84  7:42  SCV, Siege Tank  
  88  7:44  SCV  
  88  7:47  Marine x2  
  91  7:54  SCV  
  91  7:56  Marine  
  91  7:57  Barracks Reactor x2  
  93  7:59  Medivac  
  93  8:03  SCV  
  93  8:04  Marine  
  97  8:09  Marine  
  97  8:11  Medivac  
  100  8:13  Marine  
  100  8:14  Orbital Command  
  100  8:19  Marine  
  101  8:20  SCV, Marine  
  101  8:22  Marine  
  101  8:35  Supply Depot  
  101  8:37  Supply Depot  
  101  8:41  Supply Depot  
  101  8:48  SCV  
  101  8:56  SCV, Marine x4, Siege Tank  
  101  8:59  Medivac x2, Marine x4, Supply Depot  
  101  9:00  Armory  
  101  9:01  Orbital Command  
  117  9:03  Marine  
  117  9:14  Marine x4  
  117  9:16  Marine x4  
  121  9:20  Marine  
  120  9:25  SCV x2  
  120  9:28  Siege Tank  
  120  9:29  Medivac  
  127  9:32  Marine x4  
  127  9:33  SCV  
  127  9:34  Marine x2  
  127  9:35  Marine  
  127  9:36  Marine  
  130  9:38  Marine  
  131  9:46  Medivac  
  131  9:47  SCV  
  131  9:49  SCV, Marine x4  
  131  9:52  Marine  
  139  9:54  Terran Infantry Weapons Level 2  
  139  9:56  Terran Infantry Armor Level 2  
  140  10:06  Marine  
  129  10:07  SCV, Marine  
  129  10:08  Marine x5  
  129  10:10  SCV  
  129  10:12  Marine  
  129  10:13  Medivac  
  116  10:22  Marine  
  116  10:24  Marine  
  116  10:25  Marine x4  
  116  10:28  Siege Tank  
  111  10:30  Marine x2  
  111  10:32  Marine  
  107  10:39  Marine  
  107  10:41  SCV  
  107  10:42  Marine  
  106  10:43  Marine x3  
  109  10:50  Marine  
  109  10:52  Marine  
  109  10:54  SCV  
  109  10:56  Refinery, Marine  
  113  11:00  Siege Tank  
  113  11:03  Orbital Command  
  114  11:04  Marine x2  
  114  11:05  Marine x2  
  114  11:07  Marine  
  114  11:08  Marine x2  
  114  11:10  Marine  
  110  11:20  Marine  
  110  11:24  SCV  
  110  11:25  SCV, Marine  
  110  11:26  Marine x2  
  110  11:28  Marine x2  
  110  11:30  Marine  
  110  11:32  SCV, Siege Tank  
  120  11:33  Medivac  
  120  11:37  SCV, Marine x2  
  125  11:40  SCV  
  125  11:41  Medivac  
  125  11:44  SCV  
  125  11:46  Marine x2  
  131  11:49  Marine  
  131  11:51  Command Center  
  131  11:52  Marine  
  131  11:53  Marine  
  134  11:57  Marine x2  
  134  11:59  Marine x2  
  138  12:02  SCV  
  138  12:04  Marine, Siege Tank  
  138  12:05  Marine  
  144  12:10  Supply Depot  
  144  12:14  Marine x2  
  144  12:15  Marine  
  146  12:20  Terran Infantry Weapons Level 3, Marine x2  
  146  12:22  Marine x2  
  147  12:26  Marine  
  147  12:27  Marine  
  146  12:32  Marine x2  
  146  12:33  Marine  
  146  12:35  SCV  
  132  12:38  SCV, Marine x2  
  132  12:39  Marine  
  132  12:43  Marine  
  136  12:46  Marine  
  136  12:51  Marine  
  138  12:52  Marine  
  139  13:00  Marine x2  
  139  13:03  Orbital Command  
  140  13:19  Terran Infantry Armor Level 3, Marine  
  141  13:32  Supply Depot  
  141  13:35  Supply Depot  
  141  13:36  Missile Turret  
  141  13:45  Missile Turret  
  141  13:54  Marine  
  141  13:55  Marine  
  141  13:56  Marine x6  
  141  14:00  Medivac  
  149  14:09  Supply Depot  
  148  14:10  Supply Depot  
  148  14:12  Marine  
  148  14:14  Supply Depot  
  149  14:20  Supply Depot  
  149  14:31  SCV, Medivac, Marine x6, Siege Tank  
  157  14:32  Marine  
  163  14:45  Supply Depot  
  163  14:46  Supply Depot  
  163  14:49  Marine  
  163  14:54  Command Center  
  163  14:58  Marine  
  161  15:00  Marine x2  
  163  15:07  Marine x2  
  163  15:09  Medivac  
  163  15:11  Medivac  
  163  15:12  Marine  
  163  15:14  Marine  
  170  15:16  Marine  
  175  15:21  Siege Tank  
  175  15:22  Marine  
  175  15:26  Marine  
  177  15:33  Marine  
  171  15:38  Marine x2  
  173  15:46  Marine x2  
  173  15:49  Marine x2  
  177  15:51  Marine x2  
  177  15:56  Marine, Siege Tank  
  182  16:05  Marine  
  182  16:09  Marine x2  
  182  16:18  Marine  
  182  16:19  Marine  
  182  16:21  Medivac x2  
  182  16:24  Marine x2  
  188  16:29  Marine  
  188  16:31  Planetary Fortress, Marine  
  189  16:35  Marine  
  190  16:43  Marine  
  190  16:44  Marine  
  190  16:45  Marine  
  190  16:46  Marine  
  192  16:48  Marine  
  192  16:51  Medivac x2  
  192  16:52  Marine x2  
  195  17:01  Marine x2  
  195  17:03  Marine x2  
  168  17:23  Marine  
Show
View Real Time Build Order
Export as new Build Order

GOStephano Zerg 

Build Orders: Hatch First, Swarm Host 

Get SALT Encoding   

  12  0:00  Drone  
  13  0:12  Overlord  
  13  0:16  Drone  
  14  0:30  Drone x2  
  16  0:48  Hatchery  
  15  0:51  Drone  
  15  0:55  Drone  
  17  0:58  Drone  
  18  1:08  Extractor  
  17  1:14  Spawning Pool  
  17  1:17  Drone  
  17  1:21  Drone  
  18  1:28  Drone  
  19  1:38  Drone  
  20  1:48  Drone  
  21  2:00  Overlord  
  21  2:01  Queen x2  
  21  2:02  Zergling x2  
  26  2:11  Zergling x2  
  26  2:12  Drone  
  28  2:17  Metabolic Boost  
  28  2:22  Overlord  
  28  2:29  Drone  
  29  2:33  Drone x2  
  31  2:40  Queen  
  33  2:44  Queen  
  33  2:49  Drone  
  36  2:53  Drone x2  
  36  2:56  Drone  
  39  3:05  Drone x2  
  41  3:13  Overlord  
  41  3:14  Drone x3  
  41  3:17  Overlord  
  44  3:21  Lair  
  44  3:27  Extractor  
  43  3:35  Drone  
  43  3:38  Hatchery, Drone  
  43  3:41  Drone  
  45  3:43  Drone  
  45  3:44  Drone  
  45  3:47  Extractor x2  
  45  3:50  Drone x2  
  45  3:54  Drone x2  
  49  3:58  Drone  
  49  4:01  Spore Crawler  
  49  4:03  Drone x2  
  49  4:04  Drone  
  52  4:11  Drone x2  
  52  4:13  Queen  
  56  4:20  Overlord  
  56  4:31  Infestation Pit  
  56  4:32  Overlord  
  55  4:40  Zergling x8  
  55  4:44  Nydus Network  
  58  4:45  Overlord  
  58  5:07  Swarm Host, Overseer  
  57  5:08  Swarm Host x5  
  75  5:20  Swarm Host  
  79  5:31  Nydus Canal  
  77  5:40  Swarm Host  
  77  5:42  Overlord  
  80  5:48  Nydus Canal  
  77  5:52  Drone x4  
  77  5:54  Roach Warren  
  80  6:03  Zergling x6  
  83  6:05  Overlord, Drone x6  
  85  6:19  Zergling x8  
  86  6:27  Swarm Host x3  
  92  6:35  Swarm Host  
  92  6:38  Overlord x2  
  95  6:42  Overlord  
  95  6:47  Overlord, Glial Reconstitution  
  95  6:54  Overlord  
  95  7:04  Drone x4  
  99  7:10  Evolution Chamber  
  99  7:11  Evolution Chamber  
  95  7:17  Nydus Canal  
  94  7:25  Roach x8  
  110  7:32  Overseer  
  110  7:37  Zerg Missile Weapons Level 1, Zerg Ground Armor Level 1  
  110  7:38  Drone x2  
  112  7:50  Roach x3  
  112  7:51  Roach x2  
  122  7:53  Overlord  
  122  7:54  Overlord  
  122  7:57  Nydus Canal  
  128  8:13  Roach x7  
  136  8:23  Roach x5  
  146  8:31  Overlord  
  146  8:32  Overlord  
  145  8:34  Nydus Canal  
  145  8:44  Overlord  
  145  8:47  Drone  
  144  8:48  Overlord  
  144  8:54  Overlord  
  144  8:55  Nydus Canal  
  141  8:59  Roach x6  
  153  9:08  Overlord  
  152  9:26  Roach x12  
  173  9:34  Nydus Canal  
  171  9:41  Roach x5  
  171  9:45  Overlord  
  181  9:57  Ravager x5  
  180  10:08  Roach  
  180  10:09  Roach x6  
  194  10:21  Roach x6  
  190  10:28  Nydus Canal  
  176  10:33  Roach x2  
  160  10:38  Roach x2  
  160  10:41  Roach  
  163  10:43  Drone x5  
  163  10:44  Extractor x2  
  156  10:54  Ravager x2  
  156  10:55  Roach  
  156  10:57  Overlord  
  157  10:58  Zergling x12  
  163  11:06  Zergling x6  
  163  11:07  Ravager, Overseer  
  167  11:16  Roach x2  
  167  11:25  Nydus Canal  
  159  11:29  Roach x4  
  167  11:39  Roach x5  
  162  11:42  Hatchery  
  161  11:48  Nydus Canal  
  161  11:50  Drone x4  
  165  11:55  Overlord  
  165  11:58  Zerg Ground Armor Level 2  
  165  12:14  Roach x6  
  175  12:24  Roach x4  
  171  12:33  Roach x4  
  148  12:40  Zerg Missile Weapons Level 2  
  146  12:45  Roach  
  146  12:46  Roach x2  
  146  12:47  Nydus Canal  
  146  12:49  Ravager x2  
  146  12:50  Ravager  
  155  12:53  Roach  
  159  12:58  Roach x2  
  161  13:10  Roach  
  161  13:11  Roach x4  
  171  13:16  Roach x2  
  175  13:23  Overlord  
  175  13:25  Nydus Canal  
  174  13:28  Overlord  
  174  13:29  Overlord x2  
  174  13:31  Tunneling Claws  
  174  13:37  Burrow  
  174  13:57  Hive  
  174  14:08  Drone x5  
  174  14:09  Overlord, Drone  
  180  14:10  Overlord  
  180  14:13  Nydus Canal  
  180  14:14  Zerg Melee Weapons Level 1  
  178  14:38  Overlord  
  151  15:10  Adrenal Glands, Ultralisk Cavern  
  151  15:14  Roach x25, Baneling Nest  
  151  15:21  Extractor  
  198  15:22  Extractor  
  193  15:31  Drone x6  
  190  15:57  Chitinous Plating, Centrifical Hooks  
  190  15:58  Hatchery  
  190  16:02  Roach x27  
  190  16:03  Roach x16  
  189  16:07  Ultralisk  
  191  16:19  Roach x13  
  191  16:21  Ravager x4  
  187  16:27  Ultralisk  
  192  16:44  Roach x13  
  186  16:53  Overlord  

Tags
 
Add a new tag
Caveats
  • Supply blocks, unpowered buildings, or Contaminate may cause inaccurate times.
  • Supply counts are checked every 10 seconds.